 Dungeon Crawl Stone Soup version 0.31-a0-152-g6aa68a64a1 (webtiles) character file.

Game seed: 4337050698829729901

54 Ijustatesigmund the Stinger (level 3, -1/23 HPs)
             Began as an Octopode Venom Mage on June 9, 2023.
             Slain by a goblin
             ... wielding a +0 club
             ... led by Robin
              (5 damage)
             ... on level 2 of the Dungeon.
             The game lasted 00:03:38 (1677 turns).

Ijustatesigmund the Stinger (Octopode Venom Mage)   Turns: 1677, Time: 00:03:38

Health: -1/23      AC:  1    Str:  7    XL:     3   Next: 91%
Magic:  2/6        EV: 13    Int: 19    God:
Gold:   62         SH:  0    Dex: 12    Spells: 1/7 levels left

rFire   . . .        e - +0 spear
rCold   . . .        (no shield)
rNeg    . . .        (helmet restricted)
rPois   .            (no amulet)
rElec   .            f - ring of willpower
rCorr   .            (no ring)
SInv    .            (no ring)
Will    +....        (no ring)
Stlth   +++          (no ring)
HPRegen 0.23/turn    (no ring)
MPRegen 0.10/turn    (no ring)
                     (no ring)

%: no passive effects
@: no status effects
A: almost no armour, amphibious, 8 rings, camouflage 1, gelatinous body 1,
(nimble swimmer 1), tentacles
a: no special abilities


You were on level 2 of the Dungeon.
You visited 1 branch of the dungeon, and saw 3 of its levels.

You collected 62 gold pieces.

Inventory:

Hand Weapons
 e - a +0 spear (weapon)
Armour
 b - an orb of guile
Jewellery
 f - a ring of willpower (left tentacle)
Scrolls
 c - 2 scrolls of teleportation {unknown}
 d - 3 scrolls of identify {unknown}
Potions
 a - 3 potions of magic
 g - a potion of attraction {unknown}


   Skills:
 - Level 1.0 Fighting
 - Level 2.0 Dodging
 - Level 2.6 Stealth
 + Level 2.5 Spellcasting
 + Level 0.8 Conjurations
 - Level 1.3 Transmutations
 + Level 1.0 Air Magic
 + Level 4.2 Poison Magic


You had one spell level left.
You knew the following spells:

 Your Spells              Type           Power      Damage    Failure   Level
a - Sting                 Tmut/Pois      48%        1d5       4%          1
b - Poisonous Vapours     Pois/Air       24%        N/A       9%          2
c - Mephitic Cloud        Conj/Pois/Air  10%        N/A       21%         3

Your spell library contained the following spells:

 Spells                   Type           Power      Damage    Failure   Level
 Apportation              Tloc           4%         N/A       16%         1
 Necrotise                Necr           8%         1d4       16%         1
 Summon Small Mammal      Summ           8%         N/A       16%         1
 Olgreb's Toxic Radiance  Pois           18%        N/A       28%         4
 Alistair's Intoxication  Tmut/Pois      8%         N/A       80%         5


Dungeon Overview and Level Annotations

Branches:
Dungeon (3/15)

Altars:
Vehumet

Annotations:
D:3 Robin


Innate Abilities, Weirdness & Mutations

You cannot wear most types of armour.
You are amphibious.
You can wear up to eight rings at the same time.
Your skin changes colour to match your surroundings (Stealth+).
Your rubbery body absorbs attacks. (AC +1, EV +1)
((You are camouflaged when in or above water. (Stealth+)))
You have tentacles for arms and can constrict up to eight enemies at once.


Message History

You kill the hobgoblin!
Robin of the Strong Arm comes into view.
They are wielding a +0 spear and carrying a wand of polymorph (8).
You see here a hobgoblin corpse.
A hobgoblin comes into view.
The goblin shouts!
The hobgoblin shouts!
Robin shouts!
The goblin shouts!
You hear a shout!
Robin roars a battlecry!
The goblins go into a battle-frenzy!
Robin throws the goblin at you! The goblin barely misses you.
You see here a hobgoblin corpse.
The goblin attacks as you move away! The goblin hits you with a +0 club.
The goblin attacks as you move away! The goblin hits you with a +0 club.
* * * LOW HITPOINT WARNING * * *
You see here a +0 dagger.
There is a stone staircase leading up here.
The goblin barely misses you.
You climb upwards.
The worm barely misses you.
There is a stone staircase leading down here.
The goblin attacks as you move away! The goblin closely misses you.
Found a stone staircase leading down.
The worm bites you. The goblin attacks as you move away!
The goblin barely misses you. The goblin attacks as you move away!
The goblin closely misses you. The goblin attacks as you move away!
The goblin closely misses you.
There is a stone staircase leading down here.
The goblin attacks as you move away! The goblin barely misses you.
The goblin attacks as you move away! The goblin closely misses you.
Found 5 stones.
The goblin attacks as you move away! The goblin hits you with a +0 club.
The goblin no longer looks unusually strong.
The goblin attacks as you move away! The goblin hits you with a +0 club.
* * * LOW HITPOINT WARNING * * *
The goblin attacks as you move away! The goblin closely misses you.
Casting: Poisonous Vapours (safe; 9% risk of failure)
Confirm with . or Enter, or press ? or * to list all spells.
Aiming: Poisonous Vapours (safe; 9% risk of failure)
Press: ? - help, Dir - move target, f - goblin
Aim: a goblin, wielding a +0 club Poisonous vapours surround the goblin!
The goblin is poisoned.
The goblin hits you with a +0 club.
You die...

......###### ......>....###
...)..w..ww..#########
....#.####...........#
...>#..# ##........(.#
.)..##.####..........#
...:.....##..........#
.....................#
...............g@....#
.........##..........#
.........#...........#
.........#...........#
.........#...........#
................†...#######
.........###..<#.........<#
........................).#
........###########.......#


You could see 2 worms and a goblin (poisoned).

Vanquished Creatures
  An adder (D:2)
  A gnoll (D:1)
  3 dart slugs (D:1)
  4 ball pythons
  An endoplasm (D:1)
  2 goblins
  4 hobgoblins
  4 jackals
  A quokka (D:1)
  2 bats
  A frilled lizard (D:2)
  2 kobolds
  3 rats
29 creatures vanquished.

Notes
Turn   | Place    | Note
-------+----------+-------------------------------------------
     0 | D:1      | Ijustatesigmund the Octopode Venom Mage began the quest for
                  | the Orb.
     0 | D:1      | Reached XP level 1. HP: 11/11 MP: 3/3
   416 | D:1      | Reached XP level 2. HP: 12/18 MP: 0/5
   472 | D:1      | Learned a level 2 spell: Poisonous Vapours
   806 | D:1      | Reached skill level 1 in Fighting
   806 | D:1      | Reached skill level 4 in Poison Magic
   806 | D:1      | Reached XP level 3. HP: 17/23 MP: 2/6
   846 | D:1      | Learned a level 3 spell: Mephitic Cloud
  1132 | D:2      | Found a radiant altar of Vehumet.
  1360 | D:2      | Reached skill level 1 in Air Magic
  1654 | D:3      | Noticed Robin
  1677 | D:2      | Slain by a goblin

Illustrated notes

Levels and vault maps discovered:
D:1:      roderic_octagonal_star, layout_loops_ring, st_stairs_7,
          minmay_tree_intersection, hangedman_decor_push
D:2:      layout_rooms, basic_altar
D:3:      layout_basic, portal_sewer_entry_b,
          hellmonk_ecumenical_altar_watching_god, nrook_mini_backslash,
          minmay_crystal_water, uniq_robin, uniq_grinder

Skill      XL: |  1  2  3 |
---------------+----------+-----
Fighting       | 1 |  1.0
Poison Magic   | 4 |  4.2
Air Magic      | 1 |  1.0
Dodging        | |  2.0
Stealth        | |  2.6
Spellcasting   | |  2.5
Conjurations   | |  0.8
Transmutations | |  1.3

Action                     || total
---------------------------++-------
  Melee: Unarmed           ||     5
         Constrict         ||    10
         Spear             ||    21
         Tentacles         ||     3
   Cast: Sting             ||    30
         Poisonous Vapours ||    11
   Stab: Sleeping          ||     1
 Armour: Skin              ||     1
  Dodge: Dodged            ||    34

Table legend: (Time is in decaauts)
 A = Elapsed time spent in this place.
 B = Non-inter-level travel time spent in this place.
 C = Inter-level travel time spent in this place.
 D = Time resting spent in this place.
 E = Time spent auto-exploring this place.
 F = Levels seen in this place.
 G = Mean time per level.
                   A        B        C        D        E       F      G
               +--------+--------+--------+--------+--------+-----+--------+
         Total |   1678 |   1606 |     72 |    602 |    785 |   3 |  559.3 |
       Dungeon |   1678 |   1606 |     72 |    602 |    785 |   3 |  559.3 |
               +--------+--------+--------+--------+--------+-----+--------+

Top non-repeatable levels by time:
     D:1: 1318 daAuts
     D:2: 342 daAuts
     D:3: 17 daAuts
